 Dungeon Crawl Stone Soup version 0.20.0-8-g6b59dc7 (webtiles) character file.

68 joejoepie the Skirmisher (level 4, -12/60 HPs)
             Began as a Draconian Berserker on May 30, 2017.
             Was a Believer of Trog.
             Killed from afar by Ijyb (25 damage)
             ... with a wand of acid (?/15)
             ... on level 3 of the Dungeon.
             The game lasted 00:08:11 (1564 turns).

joejoepie the Skirmisher (Draconian Berserker)      Turns: 1564, Time: 00:08:13

Health: -12/60     AC:  5    Str: 26      XL:     4   Next: 1%
Magic:  4/4        EV: 13    Int:  6 (7)  God:    Trog [**....]
Gold:   157        SH:  0    Dex:  9 (10) Spells: 3/3 levels left

rFire    . . .     SeeInvis .   h - +1 spear
rCold    . . .     Gourm    .   (no shield)
rNeg     . . .     Faith    .   (armour unavailable)
rPois    .         Spirit   .   (helmet restricted)
rElec    .         Reflect  .   (no cloak)
rCorr    .         Harm     .   (no gloves)
MR       .....     Clarity  +   (no boots)
Stlth    ..........             g - amulet of regeneration
Regen    0.0/turn               (no ring)
MPRegen  0.1/turn               (no ring)

@: berserking, very quick
A: unfitting armour, clarity, inhibited regeneration, evolution 1, cold-blooded,
AC +5
a: Berserk, Trog's Hand, Burn Spellbooks, Renounce Religion


You were on level 3 of the Dungeon.
You worshipped Trog.
Trog was pleased with you.
You were very hungry.

You visited 1 branch of the dungeon, and saw 3 of its levels.

You collected 157 gold pieces.

Inventory:

Hand Weapons
 a - a +0 hand axe
 d - a -1 whip
 h - a +1 spear (weapon)
Jewellery
 g - an amulet of regeneration (around neck)
Scrolls
 e - 2 scrolls of fear
 f - a scroll of identify
 i - a scroll of remove curse
 k - a scroll of enchant weapon
 l - a scroll of teleportation
 n - a scroll of enchant armour
Potions
 c - 2 potions of brilliance
 o - a potion of curing
Comestibles
 b - a bread ration
 j - 5 chunks of flesh
 m - a royal jelly


   Skills:
 + Level 3.8 Fighting
 + Level 3.5(3.6) Axes
 + Level 1.0(2.4) Maces & Flails
 + Level 0.8(2.3) Polearms
 + Level 3.3 Dodging
 + Level 0.2 Stealth


You had 3 spell levels left.
You didn't know any spells.

Dungeon Overview and Level Annotations

Branches:
Dungeon (3/15)

Altars:

Annotations:
D:3 Ijyb


Innate Abilities, Weirdness & Mutations

Your plain brown scales are hard. (AC +5)
You cannot fit into any form of body armour.
You are cold-blooded and may be slowed by cold attacks.
You possess an exceptional clarity of mind.
You do not regenerate when monsters are visible.
You evolve.


Message History

Ijyb zaps a wand.
The bolt of acid hits you!
You are splashed with acid!
The acid burns!
* * * LOW HITPOINT WARNING * * *
The rat bites you but does no damage.
You are too injured to fight recklessly!
You are too injured to fight recklessly!
Press: ? - help, v - describe, . - travel
Here: Ijyb, wearing a scale mail and carrying a wand of acid (?/15) {zapped: 3} (severely wounded)
The floor.
A red film seems to cover your vision as you go berserk!
You feel yourself moving faster!
You feel mighty!
You are feeling very hungry.
Ijyb hits you but does no damage. The rat bites you but does no damage.
You hit Ijyb.
Ijyb is severely wounded.
Ijyb barely misses you.
You hit Ijyb but do no damage.
Ijyb is severely wounded.
The rat misses you.
Ijyb zaps a wand.
The bolt of acid hits you!
You die...

.....# ###..# #.# >#
#..# #.# .# #..# #.#
.# #..#####.#### .#
#...........# .#
#.######.##.###.# #.#
#.#......#.####
#.######.#..##@g......
#..)........#..r..####
##....)..##.#..####
#.#######..#..# #.#
.##..# #.# #. #..# #.#
#. #..# #.# #.)# ...


You could see Ijyb and a rat.

Vanquished Creatures
  3 adders
  An ooze (D:2)
  2 leopard geckos
  4 giant cockroaches
  A goblin (D:1)
  9 hobgoblins
  4 kobolds
  3 bats (D:2)
  3 frilled lizards
  5 rats
35 creatures vanquished.

Notes
Turn   | Place    | Note
-------+----------+-------------------------------------------
     0 | D:1      | joejoepie the Draconian Berserker began the quest for the Orb.
     0 | D:1      | Reached XP level 1. HP: 19/19 MP: 1/1
     6 | D:1      | Noticed a worker ant
     6 | D:1      | Noticed a swamp drake
     7 | D:1      | Noticed an iguana
     7 | D:1      | Noticed a water moccasin
   137 | D:1      | Reached XP level 2. HP: 26/26 MP: 2/2
   261 | D:1      | Gained mutation: You do not regenerate when monsters are visible. [potion of mutation]
   261 | D:1      | Gained mutation: You possess an exceptional clarity of mind. [potion of mutation]
   261 | D:1      | Gained mutation: You evolve. [potion of mutation]
   908 | D:2      | Reached XP level 3. HP: 19/31 MP: 3/3
  1420 | D:2      | Reached ** piety under Trog
  1497 | D:3      | Reached skill level 1 in Maces & Flails
  1526 | D:3      | Reached XP level 4. HP: 40/40 MP: 4/4
  1541 | D:3      | Noticed Ijyb
  1564 | D:3      | Killed from afar by Ijyb

Skill      XL: |  1  2  3 |
---------------+----------+-----
Dodging        | 3 |  3.3
Maces & Flails | 1 |  1.0
Fighting       | |  3.8
Axes           | |  3.5
Polearms       | |  0.8
Stealth        | |  0.2

Action                   |  1- 3 |  4- 6 || total
-------------------------+-------+-------++-------
Melee: Whip              |    37 |       ||    37
       Tailslap          |    11 |     2 ||    13
       Hand axe          |     7 |       ||     7
       Spear             |    81 |    22 ||   103
Invok: Berserk           |       |     1 ||     1
  Use: Scroll            |     7 |       ||     7
       Potion            |     2 |       ||     2
  Eat: Chunk             |     2 |       ||     2
Armor: Skin              |    26 |    12 ||    38
Dodge: Dodged            |    53 |    22 ||    75
